 Dungeon Crawl Stone Soup version 0.25.1-2-g60ff931df9 (webtiles) character file.

Game seed: 12542498295077995594

160072 hawla the Devastator (level 18, -20/134 HPs)
             Began as a Human Conjurer on Nov 27, 2020.
             Was the Champion of Vehumet.
             Killed from afar by a hellion (31 damage)
             ... with damnation
             ... on level 2 of the Abyss on Nov 28, 2020.
             The game lasted 03:37:19 (47046 turns).

hawla the Devastator (Human Conjurer)              Turns: 47046, Time: 03:37:20

Health: -20/134    AC: 10    Str: 11    XL:     18   Next: 38%
Magic:  11/36      EV: 21    Int: 22    God:    Vehumet [******]
Gold:   1540       SH:  0    Dex: 13    Spells: 11/46 levels left

rFire    + + .     SeeInvis .   P - staff of earth
rCold    + . .     Gourm    .   (no shield)
rNeg     + + .     Faith    .   H - +2 robe {rN+}
rPois    +         Spirit   .   (helmet restricted)
rElec    +         Reflect  .   i - +0 cloak (curse)
rCorr    +         Harm     .   C - +2 pair of gloves
MR       +....                  g - +0 pair of boots
Stlth    +++.......             R - amulet of regeneration
HPRegen  0.72/turn              N - ring of positive energy
MPRegen  0.25/turn              u - +4 ring of evasion

@: resistant, very slightly contaminated
A: antennae 1, hooves 1, rugged brown scales 1, blink, fire resistance 1
a: Blink, Renounce Religion


You were on level 2 of the Abyss.
You worshipped Vehumet.
Vehumet was exalted by your worship.
You were not hungry.

You visited 6 branches of the dungeon, and saw 27 of its levels.
You visited the Abyss 2 times.

You collected 3925 gold pieces.
You spent 2385 gold pieces at shops.

Inventory:

Hand Weapons
 V - the +4 hand axe of Plague {flame, Str-4 Dex+5}
   (You found it on level 2 of the Elven Halls)

   It has been specially enchanted to burn those struck by it, causing extra
   injury to most foes and up to half again as much damage against particularly
   susceptible opponents.
   Big, fiery blades are also staple armaments of hydra-hunters.
   It affects your strength (-4).
   It affects your dexterity (+5).
Missiles
 t - 16 curare-tipped darts (quivered)
 S - 4 silver javelins
Armour
 a - a +2 robe of fire resistance
 g - a +0 pair of boots (worn)
 i - a cursed +0 cloak (worn)
 C - a +2 pair of gloves (worn)
 F - +0 acid dragon scales
 H - a +2 robe of positive energy (worn)
 I - a +2 robe of cold resistance
 O - a +2 robe of the Archmagi
Magical Staves
 K - an uncursed staff of wizardry
 P - an uncursed staff of earth (weapon)
Jewellery
 b - an uncursed ring of protection from cold
 d - an uncursed ring of see invisible
 u - a +4 ring of evasion (right hand)
 N - a ring of positive energy (left hand)
 R - an amulet of regeneration (around neck)
Wands
 k - a wand of clouds (2)
 w - a wand of disintegration (1)
 y - a wand of flame (82)
 B - a wand of paralysis (7)
 E - a wand of digging (6)
 G - a wand of iceblast (18)
 T - a wand of acid (9)
Scrolls
 f - 7 scrolls of amnesia
 o - 12 scrolls of identify
 p - 5 scrolls of fear
 r - 6 scrolls of remove curse
 s - 3 scrolls of teleportation
 v - 4 scrolls of magic mapping
 U - a scroll of blinking
 Z - 2 scrolls of enchant weapon
Potions
 h - 7 potions of lignification
 j - 10 potions of stabbing
 l - 2 potions of mutation
 m - 2 potions of heal wounds
 q - 2 potions of brilliance
 x - 5 potions of curing
 z - 2 potions of berserk rage
 A - 5 potions of haste
 D - 2 potions of cancellation
 L - 7 potions of flight
 M - 2 potions of invisibility
 Q - 2 potions of might
Miscellaneous
 e - a box of beasts
 n - a phantom mirror
 J - a phial of floods
 W - a lightning rod (4/4)
Comestibles
 c - 29 rations


   Skills:
 + Level 8.8 Fighting
   Level 0.5 Long Blades
 + Level 3.0 Staves
 + Level 3.0 Throwing
 + Level 3.7 Armour
 + Level 8.9 Dodging
 + Level 5.1 Stealth
 + Level 14.7 Spellcasting
 + Level 15.9 Conjurations
   Level 2.8 Hexes
   Level 1.2 Summonings
 + Level 9.9 Translocations
 + Level 3.7 Transmutations
 + Level 6.0 Fire Magic
 + Level 5.7 Ice Magic
 + Level 5.7 Air Magic
 + Level 6.3 Earth Magic
 + Level 5.5 Evocations


You had 11 spell levels left.
You knew the following spells:

 Your Spells              Type           Power        Failure   Level  Hunger
a - Magic Dart            Conj           ####         0%          1    None
b - Searing Ray           Conj           ######       0%          2    None
c - Iskenderun's Mystic   Conj/Tloc      ######..     1%          4    None
d - Fireball              Conj/Fire      ######....   1%          5    ###....
e - Irradiate             Conj/Tmut      ######....   1%          5    ###....
f - Iron Shot             Conj/Erth      #######...   1%          6    #####..
g - Bolt of Magma         Conj/Fire/Erth ######....   1%          5    ###....
i - Freezing Cloud        Conj/Ice/Air   ######....   4%          6    #####..
j - Apportation           Tloc           ######       1%          1    None

Your spell library contained the following spells:

 Spells                   Type           Power        Failure   Level  Hunger
 Conjure Ball Lightning   Conj/Air       ######....   1%          6    #####..
 Corona                   Hex            ####...      1%          1    None
 Freeze                   Ice            ####         1%          1    None
 Dazzling Flash           Conj/Hex       ######       1%          3    None
 Frozen Ramparts          Ice            #####.       1%          3    None
 Fulminant Prism          Conj/Hex       ######....   1%          4    None
 Hailstorm                Conj/Ice       ######..     1%          4    None
 Summon Small Mammal      Summ           ###.         2%          1    None
 Animate Skeleton         Necr           N/A          3%          1    None
 Ozocubu's Armour         Chrm/Ice       ####....     3%          3    None
 Leda's Liquefaction      Hex/Erth       ######....   5%          4    None
 Summon Ice Beast         Ice/Summ       ####....     9%          4    None
 Statue Form              Tmut/Erth      ######...    58%         6    #####..
 Shatter                  Erth           ######....   100%        9    #######


Dungeon Overview and Level Annotations

Branches:
Dungeon (15/15)            Temple (1/1) D:5            Lair (6/6) D:9
  Swamp (0/4) Lair:2       Spider (0/4) Lair:4        Slime (0/5) Lair:5
    Orc (2/2) D:12            Elf (2/3) Orc:2        Vaults (0/5) D:13
 Depths (1/5) D:15

Altars:
Ashenzari
Cheibriados
Dithmenos
Elyvilon
Fedhas
Gozag
Hepliaklqana
Kikubaaqudgha
Makhleb
Nemelex Xobeh
Okawaru
Qazlal
Ru
Sif Muna
Trog
Uskayaw
Vehumet
Wu Jian
Xom
Yredelemnul
Zin
The Shining One
Jiyva

Shops:
D:8 !   D:11 ?   Orc:2 (}%(!   Elf:2 *

Annotations:
Lair:6 1 exclusion


Innate Abilities, Weirdness & Mutations

You have a pair of small antennae on your head.
You have large cloven feet.
You are partially covered in rugged brown scales. (AC +1, +3% HP)
You can translocate small distances at will.
Your flesh is heat resistant. (rF+)


Message History

You feel your power returning.
The starspawn's tentacles wither and die.
Your life force feels restored.
You are lightly contaminated with residual magic.
All of the chunks of flesh in your inventory have rotted away.
The hellion gestures at you.
The sphere of damnation explodes!
The damnation engulfs you!!
You hear a shout!
Press: ? - help, v - describe, . - travel
Here: a hellion The floor.
The hellion gestures at you.
The sphere of damnation explodes!
The damnation engulfs you!!
You feel protected. The hellion gestures at you.
The sphere of damnation explodes!
The damnation engulfs you!!!
* * * LOW HITPOINT WARNING * * *
The hellion gestures at you.
The sphere of damnation explodes!
The damnation engulfs you!!
You die...

.#...........#...#.....
#.#........## . .##
#.#.# #..#2.# .. .. .
.# ...#.#...#...... ##.
### #.#...... # #
##....#...## . . .
#.X_..#.#.. #...
#......#... .... .
##@#...... .... #
#.#...#.. # #.. .
...(.#..# # #
..#...#.#. . . #.. ....
. ..# #.##. ..# .. ###
.#.


You could see a large abomination and a hellion.

Vanquished Creatures
  Jorgrun (D:14)
  3 liches
  3 tentacled starspawn (Abyss:2)
  Kirke (Lair:4)
  An emperor scorpion (shapeshifter) (Elf:1)
  A reaper (Abyss:2)
  5 deep elf demonologists
  The ghost of Fractals the Protected, a journeyman MiBe of Trog (Lair:6)
  An ettin (D:15)
  The ghost of axecop the Martial Artist, a journeyman DsAK of Lugonu (Lair:5)
  A deep elf death mage (Elf:2)
  A fire dragon (Lair:6)
  The ghost of Xyudeake the Devastator, a journeyman DEFE of Vehumet (Lair:4)
  Fannar (Lair:3)
  A great orb of eyes (Depths:1)
  6 hydras
  A vault guard (D:13)
  Erolcha (D:12)
  A catoblepas (Lair:4)
  Erica (Orc:1)
  11 dancing weapons
  A centaur warrior (D:15)
  14 two-headed ogres
  2 ogre magi (D:15)
  2 tengu warriors
  A vampire mage (D:15)
  3 hell hogs (Abyss:2)
  Urug (D:12)
  Sonja (D:12)
  3 orc high priests (Orc:2)
  17 deep elf knights
  A wretched star (Abyss:2)
  A deep troll (shapeshifter) (Elf:2)
  An unseen horror (D:11)
  A swamp dragon (Lair:6)
  A hell knight (D:15)
  2 wizards (D:13)
  2 lindwurms
  9 deep elf archers (Elf:1)
  4 large abominations (Abyss:2)
  4 orc knights (Orc:2)
  2 necromancers (D:13)
  5 orc sorcerers
  5 cyclopes
  11 ugly things
  38 deep elf magi
  2 manticores
  Maurice (D:8)
  A black mamba (Lair:6)
  An ice statue (Lair:6)
  Psyche (D:8)
  Joseph (D:15)
  A torpor snail (Lair:3)
  12 spiny frogs
  2 smoke demons (Abyss:2)
  Maggie (D:7)
  2 kobold demonologists
  9 centaur skeletons
  8 rime drakes
  3 yaktaurs (Depths:1)
  2 tengu conjurers
  An efreet (D:13)
  9 komodo dragons
  An ice devil (Lair:6)
  A harpy zombie (D:14)
  2 hellwings (Abyss:2)
  3 trolls
  3 hornets (Lair:2)
  12 blink frogs
  A queen bee (Lair:3)
  A dream sheep (shapeshifter) (Elf:1)
  6 dream sheep (Lair:6)
  A meliai zombie (D:13)
  6 hippogriffs
  An iron dragon simulacrum (Abyss:2)
  A centaur simulacrum (D:15)
  2 shadows (D:14)
  A yak (shapeshifter) (D:15)
  7 small abominations (Abyss:2)
  A spriggan (shapeshifter) (D:15)
  2 wraiths
  A vampire (D:12)
  2 ynoxinuls (Abyss:2)
  3 air elementals
  33 yaks
  6 wyverns
  Grum (D:8)
  A neqoxec (Abyss:2)
  20 humans (D:13)
  2 vampire mosquitoes (D:14)
  2 fire elementals (Elf:1)
  3 hogs (Lair:4)
  3 basilisks
  2 steam dragons
  4 hungry ghosts
  11 water moccasins
  3 wargs
  2 acid dragons (Lair:6)
  3 soldier ants
  Duvessa (D:5)
  23 orc warriors
  14 ice beasts
  7 porcupines
  3 sky beasts
  2 black bears
  A hornet zombie (D:13)
  14 ogres
  3 phantoms
  An eye of draining (Abyss:2)
  A necrophage (D:8)
  21 wolves
  13 centaurs
  4 big kobolds
  24 crocodiles
  18 bullfrogs
  3 earth elementals
  2 wyvern zombies
  Dowan (D:5)
  5 scorpions
  A water moccasin skeleton (D:7)
  8 wights
  39 killer bees
  4 howler monkeys
  7 electric eels
  9 crimson imps
  3 bullfrog zombies
  6 hounds
  15 orc priests
  3 centaur zombies
  A gnoll shaman (D:7)
  An iron imp (Abyss:2)
  A bullfrog skeleton (D:12)
  11 iguanas
  Natasha (D:4)
  20 orc wizards
  8 worker ants
  A hell rat (Lair:5)
  A killer bee zombie (D:7)
  13 adders
  11 gnolls
  3 river rats (Lair:5)
  A shadow imp (D:8)
  5 white imps
  2 ufetubi (Abyss:2)
  An ooze (D:3)
  2 adder skeletons
  4 dart slugs
  22 leopard geckos
  63 orcs
  8 giant cockroaches
  9 hobgoblins
  20 jackals
  25 kobolds
  3 quokkas
  3 ball pythons
  9 bats
  14 frilled lizards
  10 goblins
  A jackal zombie (D:7)
  16 rats
  4 fungi
  4 plants
  4 starspawn tentacles (Abyss:2)
945 creatures vanquished.

Vanquished Creatures (collateral kills)
  A hound (D:6)
  A leopard gecko skeleton (D:6)
2 creatures vanquished.

Vanquished Creatures (others)
  2 humans (Lair:4)
  A swamp drake (Lair:6)
  2 bushes (Lair:6)
  14 fungi
  41 plants
  4 starspawn tentacles (Abyss:2)
64 creatures vanquished.

Grand Total: 1011 creatures vanquished

Notes
Turn   | Place    | Note
-------+----------+-------------------------------------------
     0 | D:1      | hawla the Human Conjurer began the quest for the Orb.
     0 | D:1      | Reached XP level 1. HP: 13/13 MP: 3/3
   384 | D:1      | Reached XP level 2. HP: 19/19 MP: 1/5
   389 | D:1      | Learned a level 2 spell: Searing Ray
   773 | D:1      | Reached XP level 3. HP: 24/24 MP: 4/7
  1922 | D:2      | Found a sacrificial altar of Ru.
  2157 | D:2      | Reached XP level 4. HP: 30/30 MP: 7/9
  2199 | D:2      | Found a snail-covered altar of Cheibriados.
  2432 | D:2      | Learned a level 4 spell: Iskenderun's Mystic Blast
  2823 | D:2      | Reached skill level 1 in Translocations
  3173 | D:3      | Found a shimmering altar of Xom.
  3323 | D:3      | Reached XP level 5. HP: 35/35 MP: 6/10
  3863 | D:3      | Reached XP level 6. HP: 41/41 MP: 1/11
  4221 | D:3      | Found an ornate altar of the Wu Jian Council.
  5285 | D:4      | Reached XP level 7. HP: 46/46 MP: 7/12
  5393 | D:4      | Found an iron altar of Okawaru.
  5527 | D:4      | Noticed Natasha
  5532 | D:4      | Killed Natasha
  5663 | D:4      | Found an iron altar of Okawaru.
  5708 | D:4      | Reached skill level 5 in Translocations
  6021 | D:5      | Entered Level 5 of the Dungeon
  6030 | D:5      | Reached skill level 5 in Conjurations
  6062 | D:5      | Gained mutation: You are weak. (Str -2) [potion of
                  | mutation]
  6062 | D:5      | Gained mutation: Your body sometimes deteriorates upon
                  | taking damage. [potion of mutation]
  6062 | D:5      | Lost mutation: You are weak. (Str -2) [potion of mutation]
  6062 | D:5      | Gained mutation: You are resistant to hostile enchantments.
                  | (MR+) [potion of mutation]
  6063 | D:5      | Lost mutation: You are resistant to hostile enchantments.
                  | (MR+) [potion of mutation]
  6063 | D:5      | Lost mutation: Your body sometimes deteriorates upon taking
                  | damage. [potion of mutation]
  6063 | D:5      | Gained mutation: You are covered in fur. (AC +1) [potion of
                  | mutation]
  6063 | D:5      | Gained mutation: Your movements are slightly less
                  | encumbered by armour. (ER -2) [potion of mutation]
  6064 | D:5      | Lost mutation: Your movements are slightly less encumbered
                  | by armour. (ER -2) [potion of mutation]
  6064 | D:5      | Lost mutation: You are covered in fur. (AC +1) [potion of
                  | mutation]
  6064 | D:5      | Gained mutation: You are partially covered in rugged brown
                  | scales. (AC +1, +3% HP) [potion of mutation]
  6064 | D:5      | Gained mutation: Your body sometimes deteriorates upon
                  | taking damage. [potion of mutation]
  6064 | D:5      | Gained mutation: Potions are less effective at restoring
                  | your health. [potion of mutation]
  6064 | D:5      | Gained mutation: Your flesh is heat resistant. (rF+)
                  | [potion of mutation]
  6168 | D:5      | Found a staircase to the Ecumenical Temple.
  6195 | Temple   | Entered the Ecumenical Temple
  6503 | D:5      | Reached XP level 8. HP: 53/53 MP: 2/15
  6837 | D:5      | Found a radiant altar of Vehumet.
  6842 | D:5      | Found a burning altar of Makhleb.
  7099 | D:5      | Reached skill level 5 in Spellcasting
  7345 | D:5      | Found Biucvoats's Weapon Shoppe.
  7422 | D:5      | Noticed Dowan
  7423 | D:5      | Noticed Duvessa
  7433 | D:5      | Killed Duvessa
  7433 | D:5      | Reached skill level 6 in Conjurations
  7440 | D:5      | Killed Dowan
  7640 | D:5      | Found a shimmering blue altar of Sif Muna.
  7954 | D:6      | Found a glowing golden altar of the Shining One.
  8173 | D:5      | Became a worshipper of Vehumet
  8176 | D:5      | Learned a level 1 spell: Summon Small Mammal
  8454 | D:6      | Reached XP level 9. HP: 58/58 MP: 9/17
  8637 | D:6      | Reached skill level 1 in Summonings
  8800 | D:6      | Found a blossoming altar of Fedhas.
  8907 | D:6      | Found a hazy altar of Hepliaklqana.
  9557 | D:7      | Found a snail-covered altar of Cheibriados.
  9569 | D:7      | Found an iron altar of Okawaru.
  9569 | D:7      | Found a shimmering altar of Xom.
  9609 | D:7      | Found an iron altar of Okawaru.
  9609 | D:7      | Found a shadowy altar of Dithmenos.
  9609 | D:7      | Found a sacrificial altar of Ru.
  9641 | D:7      | Noticed Maggie
  9665 | D:7      | Killed Maggie
  9665 | D:7      | Reached skill level 7 in Conjurations
 10573 | D:7      | Reached * piety under Vehumet
 10573 | D:7      | Offered knowledge of Sandblast by Vehumet.
 10895 | D:8      | Noticed Psyche
 10905 | D:8      | Killed Psyche
 10905 | D:8      | Reached skill level 1 in Fighting
 10905 | D:8      | Reached XP level 10. HP: 61/66 MP: 1/21
 10905 | D:8      | Noticed Maurice
 11031 | D:8      | Killed Maurice
 11031 | D:8      | Reached skill level 8 in Conjurations
 11031 | D:8      | Reached skill level 1 in Evocations
 11468 | D:8      | Reached skill level 1 in Armour
 11506 | D:8      | Found a stormy altar of Qazlal.
 11658 | D:8      | Noticed Grum
 11677 | D:8      | Killed Grum
 11911 | D:8      | Found Yza Puaj's Distillery.
 12213 | D:8      | Found a basalt altar of Yredelemnul.
 12236 | D:8      | Reached skill level 9 in Conjurations
 12554 | D:9      | Offered knowledge of Foxfire by Vehumet.
 12561 | D:9      | Reached ** piety under Vehumet
 12728 | D:9      | Found a staircase to the Lair.
 12827 | D:9      | Noticed a cyclops
 12842 | D:9      | Killed a cyclops
 13520 | D:9      | Reached XP level 11. HP: 64/74 MP: 17/22
 13868 | D:9      | Found a shattered altar of Ashenzari.
 13889 | D:9      | Reached skill level 1 in Staves
 14265 | D:10     | Entered Level 10 of the Dungeon
 14329 | D:10     | Offered knowledge of Conjure Flame by Vehumet.
 14363 | D:10     | Reached skill level 10 in Conjurations
 14414 | D:10     | Noticed a two-headed ogre
 14423 | D:10     | Killed a two-headed ogre
 14423 | D:10     | Reached skill level 5 in Dodging
 14690 | D:10     | Reached *** piety under Vehumet
 15369 | D:11     | Noticed a cyclops
 15383 | D:11     | Killed a cyclops
 15846 | D:11     | Noticed a brown ugly thing
 15846 | D:11     | Noticed a cyclops
 15900 | D:11     | Killed a brown ugly thing
 16021 | D:11     | Offered knowledge of Static Discharge by Vehumet.
 16473 | D:11     | Reached skill level 11 in Conjurations
 16546 | D:11     | Reached **** piety under Vehumet
 16557 | D:11     | Reached XP level 12. HP: 62/83 MP: 0/23
 16779 | D:12     | Offered knowledge of Fireball by Vehumet.
 16792 | D:12     | Learned a level 5 spell: Fireball
 17131 | D:12     | Noticed a two-headed ogre
 17139 | D:12     | Killed a two-headed ogre
 17139 | D:12     | Reached skill level 1 in Fire Magic
 17261 | D:12     | Noticed Sonja
 17275 | D:12     | Killed Sonja
 17396 | D:12     | Noticed Urug
 17406 | D:12     | Found a staircase to the Orcish Mines.
 17757 | D:12     | Reached skill level 12 in Conjurations
 18078 | D:11     | Found Acheg's Magic Scroll Boutique.
 18187 | D:11     | Noticed a tengu warrior
 18201 | D:11     | Killed a tengu warrior
 18398 | D:11     | Reached skill level 1 in Throwing
 18848 | D:11     | Noticed an unseen horror
 18855 | D:11     | Killed an unseen horror
 19356 | D:12     | Noticed Erolcha
 19362 | D:12     | Noticed a two-headed ogre
 19369 | D:12     | Killed a two-headed ogre
 19369 | D:12     | Killed Erolcha
 19381 | D:12     | Reached XP level 13. HP: 82/92 MP: 3/24
 19388 | D:12     | Reached skill level 5 in Evocations
 19645 | D:12     | Reached skill level 5 in Fighting
 20011 | D:13     | Reached ***** piety under Vehumet
 20271 | D:13     | Offered knowledge of Irradiate by Vehumet.
 20290 | D:13     | Learned a level 5 spell: Irradiate
 20663 | D:13     | Reached skill level 1 in Transmutations
 20674 | D:13     | Noticed a vault guard
 20694 | D:14     | Lost mutation: Potions are less effective at restoring your
                  | health. [mutagenic glow]
 20724 | D:14     | Gained mutation: You are frail. (-10% HP) [mutagenic glow]
 20959 | D:13     | Killed a vault guard
 21250 | D:13     | Found a gate to the Vaults.
 21258 | D:13     | Lost mutation: Your body sometimes deteriorates upon taking
                  | damage. [potion of mutation]
 21258 | D:13     | Lost mutation: You are frail. (-10% HP) [potion of
                  | mutation]
 21258 | D:13     | Gained mutation: You have a pair of small antennae on your
                  | head. [potion of mutation]
 21258 | D:13     | Gained mutation: You have large cloven feet. [potion of
                  | mutation]
 21258 | D:13     | Gained mutation: You can translocate small distances at
                  | will. [potion of mutation]
 22449 | D:14     | Found a bloodstained altar of Trog.
 22481 | D:14     | Noticed Jorgrun
 22694 | D:14     | Killed Jorgrun
 22694 | D:14     | Reached XP level 14. HP: 45/107 MP: 11/26
 23824 | D:15     | Entered Level 15 of the Dungeon
 23826 | D:15     | Identified a scroll of acquirement
 23826 | D:15     | Acquired 1580 gold pieces
 23891 | D:15     | Reached skill level 13 in Conjurations
 24789 | D:15     | Reached skill level 10 in Spellcasting
 26010 | D:15     | Found a staircase to the Depths.
 26075 | D:15     | Reached skill level 5 in Stealth
 26288 | D:15     | Noticed Joseph
 26479 | D:15     | Killed Joseph
 26483 | D:15     | Reached skill level 5 in Fire Magic
 26911 | D:12     | Killed Urug
 26911 | D:12     | Reached XP level 15. HP: 115/115 MP: 17/29
 27021 | D:11     | Bought a scroll of identify for 30 gold pieces
 27021 | D:11     | Bought a scroll of identify for 30 gold pieces
 27021 | D:11     | Bought a scroll of teleportation for 45 gold pieces
 27021 | D:11     | Bought a scroll of magic mapping for 52 gold pieces
 27021 | D:11     | Bought a scroll of identify for 30 gold pieces
 27099 | D:8      | Bought a potion of curing for 48 gold pieces
 27099 | D:8      | Bought a potion of haste for 160 gold pieces
 27099 | D:8      | Bought a potion of might for 64 gold pieces
 27099 | D:8      | Bought a potion of cancellation for 128 gold pieces
 27099 | D:8      | Bought a potion of haste for 160 gold pieces
 27099 | D:8      | Bought a potion of stabbing for 64 gold pieces
 27099 | D:8      | Bought a potion of curing for 48 gold pieces
 27099 | D:8      | Bought a potion of invisibility for 128 gold pieces
 27099 | D:8      | Bought a potion of magic for 128 gold pieces
 27099 | D:8      | Bought a potion of lignification for 48 gold pieces
 27099 | D:8      | Bought a potion of haste for 160 gold pieces
 27398 | Orc:1    | Entered Level 1 of the Orcish Mines
 27529 | Orc:2    | Entered Level 2 of the Orcish Mines
 27725 | Orc:2    | Found a staircase to the Elven Halls.
 28562 | Orc:2    | Paralysed by an orc sorcerer for 6 turns
 28624 | Orc:2    | Reached skill level 14 in Conjurations
 28978 | Orc:2    | Found Qudaki's Gadget Emporium.
 28978 | Orc:2    | Found Otuhomno's Food Shop.
 28980 | Orc:2    | Found Nele's Weapon Emporium.
 28980 | Orc:2    | Found Biesib's Distillery.
 29007 | Orc:2    | Bought a potion of ambrosia for 112 gold pieces
 29064 | Orc:2    | Learned a level 6 spell: Iron Shot
 29070 | Orc:2    | Learned a level 5 spell: Bolt of Magma
 29112 | Orc:2    | Found Nuury's Weapon Boutique.
 29377 | Orc:1    | Noticed Erica
 29380 | Orc:1    | Killed Erica
 29977 | Lair:1   | Entered Level 1 of the Lair of Beasts
 30048 | Lair:1   | Reached skill level 1 in Earth Magic
 30504 | Lair:1   | Offered knowledge of Orb of Destruction by Vehumet.
 31707 | Lair:1   | Got a translucent mace
 31708 | Lair:1   | Identified the +6 mace of Muhoeczo {elec, rN+} (You found
                  | it on level 1 of the Lair of Beasts)
 32264 | Lair:2   | Found a staircase to the Swamp.
 33875 | Lair:3   | Noticed Fannar
 33887 | Lair:3   | Killed Fannar
 34724 | Lair:3   | Reached skill level 15 in Conjurations
 35622 | Lair:3   | Learned a level 4 spell: Leda's Liquefaction
 35642 | Lair:3   | Reached XP level 16. HP: 87/121 MP: 17/31
 35761 | Lair:3   | Found a burning altar of Makhleb.
 36083 | Lair:4   | Found a hole to the Spider Nest.
 36149 | Lair:4   | Offered knowledge of Freezing Cloud by Vehumet.
 36280 | Lair:4   | Reached skill level 1 in Hexes
 36402 | Lair:4   | Reached skill level 5 in Earth Magic
 36541 | Lair:4   | Found a hazy altar of Hepliaklqana.
 36789 | Lair:4   | Found a runed translucent door.
 36789 | Lair:4   | Found a shimmering altar of Xom.
 36789 | Lair:4   | Noticed Xyudeake's ghost (journeyman DEFE)
 36978 | Lair:4   | Noticed Kirke
 36987 | Lair:4   | Killed Kirke
 37525 | Lair:5   | Got a smoking quarterstaff
 37526 | Lair:5   | Identified the +7 quarterstaff of Infinity {antimagic,
                  | *Drain Int+8} (You found it on level 5 of the Lair of
                  | Beasts)
 38043 | Lair:5   | Found a viscous altar of Jiyva.
 38043 | Lair:5   | Found a staircase to the Slime Pits.
 38137 | Lair:5   | Found a runed translucent door.
 38140 | Lair:5   | Noticed axecop's ghost (journeyman DsAK)
 38437 | Lair:5   | Learned a level 6 spell: Freezing Cloud
 38454 | Lair:6   | Entered Level 6 of the Lair of Beasts
 39532 | Lair:6   | Reached skill level 1 in Ice Magic
 39541 | Lair:6   | Reached ****** piety under Vehumet
 39541 | Lair:6   | Reached skill level 1 in Air Magic
 39831 | Lair:6   | Learned a level 1 spell: Apportation
 40098 | Lair:6   | Found a runed translucent door.
 40099 | Lair:6   | Found a shimmering altar of Xom.
 40099 | Lair:6   | Noticed Fractals's ghost (journeyman MiBe)
 40505 | Lair:4   | Killed Xyudeake's ghost
 40631 | Lair:5   | Killed axecop's ghost
 40738 | Lair:6   | Killed Fractals's ghost
 41186 | Orc:2    | Bought a wand of polymorph (2) for 48 gold pieces
 41186 | Orc:2    | Bought a wand of iceblast (8) for 144 gold pieces
 41186 | Orc:2    | Bought a wand of acid (10) for 336 gold pieces
 41186 | Orc:2    | Bought a wand of flame (10) for 72 gold pieces
 41189 | Orc:2    | Bought a potion of magic for 112 gold pieces
 41189 | Orc:2    | Bought a potion of curing for 42 gold pieces
 41189 | Orc:2    | Bought a potion of heal wounds for 70 gold pieces
 41189 | Orc:2    | Bought a potion of curing for 42 gold pieces
 41189 | Orc:2    | Bought a potion of curing for 42 gold pieces
 41201 | Orc:2    | Bought a potion of lignification for 42 gold pieces
 41515 | Elf:1    | Entered Level 1 of the Elven Halls
 41579 | Elf:1    | Noticed an Ice Fiend
 41582 | Elf:1    | Noticed an Executioner
 41584 | Elf:1    | Offered knowledge of Lee's Rapid Deconstruction by Vehumet.
 41988 | Elf:1    | Reached XP level 17. HP: 40/127 MP: 20/33
 42744 | Elf:1    | Cast into level 2 of the Abyss (a deep elf demonologist)
 42755 | Abyss:2  | Noticed a tentacled starspawn
 42761 | Abyss:2  | Killed a tentacled starspawn
 42802 | Abyss:2  | Noticed a lich
 42816 | Abyss:2  | Killed a lich
 42816 | Abyss:2  | Reached skill level 5 in Ice Magic
 42819 | Abyss:2  | Reached skill level 5 in Air Magic
 42990 | Abyss:2  | Noticed a tentacled starspawn
 42994 | Abyss:2  | Killed a tentacled starspawn
 43369 | Abyss:2  | Noticed a lich
 43380 | Abyss:2  | Killed a lich
 43384 | Elf:1    | Escaped the Abyss
 43558 | Elf:1    | Noticed a Brimstone Fiend
 44957 | Depths:1 | Entered Level 1 of the Depths
 44964 | Depths:1 | Noticed a lich
 45022 | Depths:1 | Killed a lich
 45174 | Depths:1 | Paralysed by a great orb of eyes for 6 turns
 45419 | Elf:2    | Found Caomik's Mass Market.
 45697 | Elf:2    | Reached XP level 18. HP: 134/134 MP: 24/36
 45843 | Elf:2    | Found a shimmering blue altar of Sif Muna.
 45902 | Elf:2    | Offered knowledge of Conjure Ball Lightning by Vehumet.
 46142 | Elf:2    | Got a bloodstained hand axe
 46143 | Elf:2    | Identified the +4 hand axe of Plague {flame, Str-4 Dex+5}
                  | (You found it on level 2 of the Elven Halls)
 46531 | Elf:2    | Found a huge runed translucent gate.
 46531 | Elf:2    | Found a huge runed translucent gate.
 46532 | Elf:2    | Found a huge runed translucent gate.
 46553 | Elf:2    | Found a huge runed translucent gate.
 46556 | Elf:2    | Found a huge runed translucent gate.
 46971 | Elf:2    | Cast into level 2 of the Abyss (+3 quick blade of
                  | distortion)
 46997 | Abyss:2  | Found a corrupted altar of Lugonu.
 47046 | Abyss:2  | Killed from afar by a hellion

Illustrated notes

Levels and vault maps discovered:
D:1:      dpeg_arrival_pits, layout_basic, minmay_pentomino_r2
D:2:      layout_basic, nicolae_overflow_crystal_walls,
          lemuel_coloured_pillars_altar, first_ration
D:3:      kennysheep_big_flooded_room, layout_basic, marbit_many_paths,
          lemuel_round_altar
D:4:      layout_loops_corners, old_standard_altar, okawaru_ov_weapons_minmay,
          uniq_natasha
D:5:      layout_loops_corners, kennysheep_mini,
          grunt_temple_overflow_lords_of_destruction, minmay_temple_entry_tees,
          serial_shops, shop, st_stairs_12, uniq_duvessa
D:6:      layout_layer_cave, lemuel_crystal_altar, lemuel_crystal_altar,
          fedhas_altar_1
D:7:      layout_basic, doesnt_xom_only_xom, uniq_maggie
D:8:      layout_gridville, grunt_qazlal_sundering, overflow_temple_1_default,
          serial_shops, shop, uniq_grum, uniq_maurice, uniq_psyche
D:9:      layout_irregular_city, ashenzari_conservatory_becter,
          lair_entry_dummy, serial_bayou_lake_a
D:10:     layout_basic
D:11:     layout_basic, serial_shops, nicolae_shop_window_shopping
D:12:     layout_loops_ring, david_orc_3, uniq_urug, uniq_erolcha, uniq_sonja
D:13:     layout_gridville, grunt_vaults_entry_tiered
D:14:     layout_cave_pods, basic_altar, grunt_pizzeria, uniq_jorgrun
D:15:     hangedman_depths_entry_civil_slaughter, layout_cave_pools,
          minmay_misc_feat_x, minmay_sticks_and_stones
Temple:   pf_slime_end_temple
Lair:1:   lemuel_reptile_caves, layout_loops_ring
Lair:2:   cheibrodos_lair_overgrown_chateau, layout_regular_city,
          minmay_swamp_entry_reptiles, chequers_serial_rivers_large_a,
          minmay_holes
Lair:3:   layout_cave_pods, basic_altar, special_room [special_room_bee],
          uniq_fannar
Lair:4:   layout_regular_city, spider_nest_entry_web_field, basic_altar,
          ebering_ghost_xom, serial_bayou_pond_c, grunt_megastairs_4,
          serial_bayou_shore_b, infiniplex_staircase_pool, lemuel_fruit_tree,
          uniq_kirke
Lair:5:   layout_misc_corridors, dpeg_slime_entry_enclosed_altar,
          hellmonk_ghost_happy_afterlife, kennysheep_abandoned_house
Lair:6:   guppyfry_lair_end_dragon, layout_misc_corridors, ebering_ghost_xom,
          ice2_lemuel
Orc:1:    layout_diamond_mine, uniq_erica
Orc:2:    grunt_orc_tribal_feast, layout_caves, serial_shops, shop_coins,
          nicolae_orc_sculptors_studio, library_closet
Elf:1:    layout_geoelf_octagon, minivault_28
Elf:2:    layout_onion_city, minmay_shop_mass, tgw_sif
Depths:1: layout_cave_pools, enter_ziggurat_b, hellmouth_1,
          minmay_crystal_water, abyss_entry, rand_demon_pan_entry_7,
          grunt_ministairs_5, minmay_hollow_rounded_squares
Abyss:2:  base: D:1, hangedman_abyss_or_decor_slice, base: D:1, base: Spider:4,
          evilmike_abyss_exit_smiterflies

Skill      XL: |  1  2  3  4  5  6  7  8  9 10 11 12 13 14 15 16 17 18 |
---------------+-------------------------------------------------------+-----
Spellcasting   | 3 4 5 7 8 10 11 12 14 | 14.7
Translocations | 2 4 5 6 7 8 9 |  9.9
Conjurations   | 5 6 7 9 11 12 13 15 | 15.9
Summonings     | 1 |  1.2
Fighting       | 1 2 3 4 7 8 |  8.8
Dodging        | 3 4 5 6 8 |  8.9
Evocations     | 2 3 4 5 |  5.5
Armour         | 2 3 |  3.7
Staves         | 2 3 |  3.0
Fire Magic     | 4 5 6 |  6.0
Throwing       | 2 3 |  3.0
Stealth        | 3 4 5 |  5.1
Transmutations | 3 |  3.7
Earth Magic    | 4 5 6 |  6.3
Hexes          | 2 |  2.8
Ice Magic      | 4 5 |  5.7
Air Magic      | 3 5 |  5.7
Long Blades    | |  0.5

Action                   |  1- 3 |  4- 6 |  7- 9 | 10-12 | 13-15 | 16-18 || total
-------------------------+-------+-------+-------+-------+-------+-------++-------
Melee: Unarmed           |    12 |       |     3 |     3 |       |       ||    18
       Quarterstaff      |       |       |       |    16 |       |       ||    16
       Lajatang          |       |       |       |       |     8 |       ||     8
       Staff             |       |       |       |       |    15 |     8 ||    23
       Kick              |       |       |       |       |     5 |     2 ||     7
       Scimitar          |       |       |       |       |     1 |       ||     1
Throw: Dart              |       |       |       |       |       |     1 ||     1
 Cast: Magic Dart        |    44 |    55 |    90 |   118 |   220 |    90 ||   617
       Searing Ray       |    16 |    23 |    66 |   155 |   237 |   128 ||   625
       Iskenderun's Myst |       |     3 |    17 |    45 |    89 |    85 ||   239
       Summon Small Mamm |       |       |     2 |       |       |       ||     2
       Fireball          |       |       |       |     6 |    36 |    47 ||    89
       Irradiate         |       |       |       |       |    39 |    49 ||    88
       Bolt of Magma     |       |       |       |       |    16 |    19 ||    35
       Iron Shot         |       |       |       |       |     9 |    50 ||    59
       Apportation       |       |       |       |       |       |     9 ||     9
       Freezing Cloud    |       |       |       |       |       |    20 ||    20
       Leda's Liquefacti |       |       |       |       |       |     3 ||     3
 Abil: Blink             |       |       |       |       |       |     6 ||     6
Evoke: Wand              |       |       |     4 |     8 |    12 |    28 ||    52
       Phial of floods   |       |       |       |       |     1 |       ||     1
  Use: Scroll            |     2 |    10 |     8 |    12 |    12 |     5 ||    49
       Potion            |       |       |     3 |     1 |     7 |    20 ||    31
 Stab: Confused          |       |       |       |     1 |       |       ||     1
  Eat: Chunk             |     5 |    11 |    20 |    25 |    35 |    29 ||   125
       Ration            |       |       |       |     2 |    12 |    12 ||    26
Armor: Robe              |     2 |     6 |    10 |     9 |    68 |    49 ||   144
       Acid dragon scale |       |       |     2 |    49 |       |       ||    51
       Skin              |       |       |       |       |   104 |    57 ||   161
Dodge: Dodged            |    10 |    21 |    63 |   231 |   477 |   306 ||  1108
       Rpst.: Scimitar   |       |       |       |       |     1 |       ||     1
